Map: [ESL] Moondance

Players

GunGFuBanDa

  • Race: Protoss Protoss
  • Spawn Location: 12:00

ArT - Winner!

  • Race: Protoss Protoss
  • Spawn Location: 6:00

Event: DreamHack SC2 Masters 2022 Atlanta (Online)

VOD

Have the link to the VOD?

Description

Time

  • Played on: Oct. 7, 2022, 10:54 a.m.
  • Length: 8:16

All games in this series

Show
View Real Time Build Order
Export as new Build Order

GunGFuBanDa Protoss 

Build Orders:  

Get SALT Encoding   

  12  0:00  Probe  
  13  0:12  Probe  
  14  0:17  Pylon  
  14  0:24  Probe (Chrono Boost)  
  15  0:36  Probe (Chrono Boost)  
  15  0:37  Gateway  
  16  0:44  Probe (Chrono Boost)  
  16  0:45  Assimilator  
  17  0:50  Probe  
  17  0:54  Assimilator  
  18  1:03  Probe (Chrono Boost)  
  19  1:08  Gateway  
  19  1:14  Probe (Chrono Boost)  
  20  1:19  Probe (Chrono Boost)  
  20  1:24  Cybernetics Core  
  21  1:29  Probe  
  22  1:33  Pylon  
  22  1:41  Probe  
  23  1:53  Probe  
  24  2:00  Sentry, Stalker  
  28  2:02  Warp Gate (Chrono Boost)  
  28  2:05  Probe  
  29  2:14  Pylon  
  29  2:18  Probe  
  30  2:34  Nexus  
  31  2:47  Stalker (Chrono Boost)  
  31  2:48  Stalker (Chrono Boost)  
  33  2:55  Shield Battery  
  33  3:07  Shield Battery  
  31  3:13  Robotics Facility  
  31  3:15  Pylon  
  30  3:25  Shield Battery  
  30  3:44  Stalker x2  
  28  3:58  Immortal (Chrono Boost)  
  32  4:07  Sentry, Stalker  
  36  4:11  Gateway  
  36  4:33  Sentry  
  38  4:45  Observer, Pylon  
  39  4:47  Pylon  
  39  4:49  Gateway  
  39  5:03  Gateway  
  39  5:05  Sentry  
  39  5:07  Immortal (Chrono Boost)  
  45  5:18  Stalker  
  47  5:25  Shield Battery  
  47  5:39  Warp Prism (Chrono Boost)  
  49  5:54  Adept x2  
  49  5:56  Probe, Pylon  
  54  6:03  Observer  
  50  6:09  Sentry  
  52  6:15  Immortal  
  56  6:41  Stalker x3  
  62  6:52  Pylon  
  62  7:01  Probe  
  63  7:04  Pylon  
  63  7:12  Stargate  
  63  7:22  Adept x3  
  69  7:29  Robotics Bay  
  69  7:51  Stalker x2  
  73  7:58  Probe  
Show
View Real Time Build Order
Export as new Build Order

ArT Protoss - Winner!

Build Orders:  

Get SALT Encoding   

  12  0:00  Probe  
  13  0:12  Probe  
  14  0:16  Pylon  
  14  0:24  Probe (Chrono Boost)  
  15  0:36  Gateway, Probe (Chrono Boost)  
  16  0:44  Probe (Chrono Boost)  
  16  0:46  Assimilator  
  17  0:51  Probe  
  17  0:55  Assimilator  
  18  1:03  Probe (Chrono Boost)  
  19  1:09  Gateway  
  19  1:13  Probe (Chrono Boost)  
  19  1:17  Probe (Chrono Boost)  
  20  1:24  Cybernetics Core  
  21  1:29  Probe  
  22  1:34  Pylon  
  22  1:41  Probe  
  22  1:46  Pylon  
  24  2:00  Stalker  
  24  2:01  Adept  
  27  2:03  Warp Gate (Chrono Boost)  
  27  2:12  Probe  
  28  2:19  Robotics Facility  
  28  2:31  Stalker  
  29  2:39  Stalker  
  31  2:47  Gateway  
  31  3:04  Immortal (Chrono Boost)  
  35  3:13  Pylon  
  30  3:36  Immortal  
  34  3:49  Stalker x2  
  34  3:53  Stalker  
  38  4:12  Warp Prism (Chrono Boost)  
  40  4:18  Adept, Sentry  
  44  4:25  Pylon  
  44  4:38  Stargate  
  44  4:45  Probe  
  45  5:05  Observer  
  46  5:10  Probe  
  46  5:11  Nexus  
  47  5:24  Phoenix  
  47  5:25  Probe  
  50  5:31  Pylon  
  50  5:41  Probe  
  50  5:47  Adept x2  
  54  5:50  Adept  
  54  5:56  Phoenix  
  56  6:08  Probe  
  55  6:18  Immortal  
  59  6:20  Probe  
  60  6:28  Phoenix (Chrono Boost)  
  62  6:33  Probe  
  62  6:38  Sentry  
  65  6:41  Probe  
  65  6:42  Pylon  
  66  6:54  Probe, Pylon  
  67  6:58  Phoenix  
  69  7:02  Pylon  
  67  7:10  Probe  
  67  7:13  Probe  
  67  7:15  Shield Battery  
  69  7:17  Observer  
  70  7:23  Probe  
  70  7:28  Adept x3  
  77  7:31  Probe, Assimilator  
  78  7:39  Probe  
  78  7:43  Phoenix, Probe  
  82  7:47  Assimilator  
  82  7:55  Adept x3  
  82  7:58  Pylon  
Tags
 
Add a new tag
Caveats
  • Supply blocks, unpowered buildings, or Contaminate may cause inaccurate times.
  • Supply counts are checked every 10 seconds.